[Event "EWIBCC 2019"]
[Site "Monte-Carlo"]
[Date "2019.11.29"]
[Round "6.18"]
[White "Salimova, Nurgyul"]
[Black "Dornbusch, Tatiana"]
[Result "1-0"]
[ECO "E65"]
[WhiteElo "2370"]
[BlackElo "2269"]
[Annotator "NA"]
[PlyCount "117"]
[EventDate "2019.11.29"]
[EventType "swiss"]
[EventCountry "MNC"]
[SourceTitle "playchess.com"]
[Source "ChessBase"]
[SourceQuality "1"]
[TimeControl "180+2"]

1. c4 Nf6 2. Nc3 g6 3. g3 Bg7 4. Bg2 d6 5. d4 O-O 6. Nf3 c5 7. O-O Nc6 8. dxc5 dxc5 9. Be3 Qa5 10. Qa4 Nd7 11. Qxa5 Nxa5 12. Nd2 Rb8 13. Rac1 b6 14. b3 Bb7 15. Rfd1 Bxg2 16. Kxg2 Nc6 17. Nf3 Rfd8 18. Nd5 e6 19. Nc3 Nde5 20. Bf4 Rbc8 21. Nxe5 Nxe5 22. Nb5 Nc6 23. Nd6 Ra8 24. Bg5 Rd7 25. Ne4 Rxd1 26. Rxd1 h6 27. Bf6 Bxf6 28. Nxf6+ Kg7 29. Ne4 Rd8 30. Rxd8 Nxd8 31. e3 Nc6 32. Kf3 f5 33. Nc3 Kf6 34. Ke2 Ke7 35. h4 Nb4 36. a3 Nc6 37. Kd3 Na5 38. b4 cxb4 39. axb4 Nc6 40. Na2 Ne5+ 41. Kd4 Ng4 42. f3 Nh2 43. f4 Nf1 44. b5 Nxg3 45. Nb4 Kd6 46. Nc6 a5 47. Ne5 g5 48. hxg5 hxg5 49. fxg5 Ne2+ 50. Kd3 Nc1+ 51. Kd4 Nb3+ 52. Kc3 Kxe5 53. Kxb3 Kd6 54. g6 Ke7 55. c5 bxc5 56. b6 e5 57. b7 f4 58. exf4 exf4 59. b8=Q 1-0

[Event "EWIBCC 2019"]
[Site "Monte-Carlo"]
[Date "2019.11.29"]
[Round "7.2"]
[White "Stefanova, Antoaneta"]
[Black "Buksa, Nataliya"]
[Result "1-0"]
[ECO "D02"]
[WhiteElo "2481"]
[BlackElo "2410"]
[Annotator "RC"]
[PlyCount "125"]
[EventDate "2019.11.29"]
[EventType "swiss"]
[EventCountry "MNC"]
[SourceTitle "playchess.com"]
[Source "ChessBase"]
[SourceQuality "1"]
[TimeControl "180+2"]

1. d4 d5 2. Nf3 Nf6 3. Bf4 e6 4. e3 Bd6 5. Bg3 O-O 6. Nbd2 c5 7. c3 Qc7 8. Ne5 Nbd7 9. f4 Ne4 10. Nxe4 dxe4 11. Nc4 Nf6 12. Nxd6 Qxd6 13. Be2 Nd5 14. Qd2 cxd4 15. Qxd4 Qb6 16. Qxb6 axb6 17. Kf2 Bd7 18. Rhd1 Bc6 19. c4 Ne7 20. Kg1 Rfd8 21. Be1 Nf5 22. Kf2 Rxd1 23. Rxd1 Kf8 24. a3 Ke8 25. g4 Ne7 26. Bc3 f6 27. Bd4 Ba4 28. Rc1 Nc8 29. h4 Bd7 30. g5 Ke7 31. gxf6+ gxf6 32. Rg1 e5 33. fxe5 fxe5 34. Bxe5 Ra5 35. Rg7+ Ke6 36. Bc3 Rf5+ 37. Ke1 h5 38. Rh7 Nd6 39. Bxh5 Rc5 40. Bg4+ Nf5 41. Bd4 Ra5 42. b4 Rxa3 43. Bxf5+ Kxf5 44. Rxd7 Kg4 45. Rf7 Rb3 46. Rf4+ Kg3 47. Rxe4 Rxb4 48. h5 b5 49. cxb5 Rxb5 50. h6 Rh5 51. Bg7 Kf3 52. Re7 b5 53. Kd2 b4 54. Rb7 Rh4 55. Kd3 Kf2 56. Bf8 Kf3 57. Rxb4 Rh1 58. Rf4+ Kg3 59. Rf7 Kg4 60. Ke4 Kg5 61. Ke5 Kg6 62. Rg7+ Kh5 63. h7 1-0

[Event "EWIBCC 2019"]
[Site "Monte-Carlo"]
[Date "2019.11.29"]
[Round "7.4"]
[White "Kosteniuk, Alexandra"]
[Black "Bodnaruk, Anastasia"]
[Result "1-0"]
[ECO "B22"]
[WhiteElo "2483"]
[BlackElo "2412"]
[Annotator "RC"]
[PlyCount "87"]
[EventDate "2019.11.29"]
[EventType "swiss"]
[EventCountry "MNC"]
[SourceTitle "playchess.com"]
[Source "ChessBase"]
[SourceQuality "1"]
[TimeControl "180+2"]

1. e4 c5 2. c3 Nf6 3. e5 Nd5 4. Nf3 Nc6 5. Bc4 Nb6 6. Bb3 c4 7. Bc2 d6 8. exd6 Qxd6 9. O-O Bg4 10. Qe2 O-O-O 11. Na3 e5 12. Nxc4 Nxc4 13. Qxc4 Bxf3 14. gxf3 Kb8 15. b4 Be7 16. b5 Na5 17. Qe4 f5 18. Qe2 Rhf8 19. a4 Bg5 20. Ba3 Qh6 21. Rfd1 Bf4 22. Kf1 Qxh2 23. Ke1 Rf7 24. Bc5 b6 25. Be3 Nb7 26. d4 Re7 27. d5 Nd6 28. a5 Bxe3 29. fxe3 Qh1+ 30. Kd2 Qh6 31. axb6 axb6 32. Ra4 Rb7 33. Rda1 Qf6 34. Ra8+ Kc7 35. Rxd8 Kxd8 36. Ra8+ Kc7 37. c4 e4 38. fxe4 fxe4 39. Qh2 Qb2 40. Qf4 Qb4+ 41. Kd1 Qxc4 42. Qe5 Kd7 43. Qe6+ Kc7 44. Qe7# 1-0

[Event "EWIBCC 2019"]
[Site "Monte-Carlo"]
[Date "2019.11.29"]
[Round "7.7"]
[White "Chiburdanidze, Maia"]
[Black "Daulyte-Cornette, Deimante"]
[Result "1/2-1/2"]
[ECO "D05"]
[WhiteElo "2500"]
[BlackElo "2405"]
[Annotator "RC"]
[PlyCount "92"]
[EventDate "2019.11.29"]
[EventType "swiss"]
[EventCountry "MNC"]
[SourceTitle "playchess.com"]
[Source "ChessBase"]
[SourceQuality "1"]
[TimeControl "180+2"]

1. d4 Nf6 2. Nf3 b6 3. e3 Bb7 4. Bd3 e6 5. O-O d5 6. b3 c5 7. Bb2 Bd6 8. Nbd2 Nc6 9. a3 O-O 10. Ne5 Rc8 11. f4 Ne7 12. Qe2 Ne4 13. Nxe4 dxe4 14. Bc4 Bd5 15. Bxd5 exd5 16. f5 f6 17. Ng4 cxd4 18. Bxd4 Qc7 19. h4 Qxc2 20. Qa6 Nc6 21. Rac1 Qxb3 22. Rc3 Qa2 23. Rf2 Qb1+ 24. Rf1 Qa2 25. Rfc1 Nxd4 26. Rxc8 Ne2+ 27. Kf1 Nxc1 28. Rxc1 Qxa3 29. Qxa3 Bxa3 30. Ra1 Bc5 31. Rxa7 h5 32. Nf2 Bxe3 33. Rd7 d4 34. Nxe4 Rc8 35. Nd6 Rc1+ 36. Ke2 Rc2+ 37. Kd3 Rd2+ 38. Ke4 Rxg2 39. Rd8+ Kh7 40. Nf7 g6 41. Rd7 gxf5+ 42. Kxf5 Rf2+ 43. Ke6 Kg6 44. Nh8+ Kh6 45. Nf7+ Kg6 46. Nh8+ Kh6 {[%emt 0:00:08] Ke5} 1/2-1/2

[Event "EWIBCC 2019"]
[Site "Monte-Carlo"]
[Date "2019.11.29"]
[Round "7.8"]
[White "Paehtz, Elisabeth"]
[Black "Mkrtchian, Lilit"]
[Result "1-0"]
[ECO "A80"]
[WhiteElo "2484"]
[BlackElo "2402"]
[Annotator "RC"]
[PlyCount "49"]
[EventDate "2019.11.29"]
[EventType "swiss"]
[EventCountry "MNC"]
[SourceTitle "playchess.com"]
[Source "ChessBase"]
[SourceQuality "1"]
[TimeControl "180+2"]

1. d4 e6 2. Bf4 f5 3. e3 Nf6 4. h3 b6 5. Nd2 Bb7 6. c3 Be7 7. Ngf3 O-O 8. Bd3 d6 9. Qc2 Nbd7 10. Rg1 Qe8 11. g4 fxg4 12. Ng5 g6 13. Nxe6 Nd5 14. Nxf8 Nxf4 15. Nxd7 Nxd3+ 16. Qxd3 Qxd7 17. Rxg4 Bf6 18. O-O-O Bg7 19. Rdg1 Rf8 20. f4 Kh8 21. h4 Qa4 22. a3 Qa5 23. Rg5 Ba6 24. Qc2 b5 25. h5 1-0

[Event "EWIBCC 2019"]
[Site "Monte-Carlo"]
[Date "2019.11.29"]
[Round "7.9"]
[White "Guichard, Pauline"]
[Black "Arakhamia-Grant, Ketevan"]
[Result "1-0"]
[ECO "A21"]
[WhiteElo "2407"]
[BlackElo "2376"]
[Annotator "ChessBase"]
[PlyCount "83"]
[EventDate "2019.11.29"]
[EventType "swiss"]
[EventCountry "MNC"]
[SourceTitle "playchess.com"]
[Source "ChessBase"]
[SourceQuality "1"]
[TimeControl "180+2"]

1. c4 g6 2. Nf3 Bg7 3. g3 e5 4. Nc3 f5 5. h4 e4 6. Ng5 Nf6 7. d3 h6 8. Nh3 exd3 9. Qxd3 Nc6 10. Nf4 Ne5 11. Qc2 O-O 12. Bg2 d6 13. b3 c6 14. O-O Nfg4 15. Ba3 g5 16. hxg5 hxg5 17. Nh3 Be6 18. Rad1 Nf7 19. e4 f4 20. gxf4 gxf4 21. Nxf4 Qh4 22. Nh3 Ng5 23. f3 Ne3 24. Qd2 Nxh3+ 25. Bxh3 Qg3+ 26. Bg2 Nxf1 27. Rxf1 Bh3 28. Rf2 c5 29. Ne2 Qg6 30. Bc1 Be6 31. Qxd6 Rad8 32. Qxc5 Rd1+ 33. Kh2 Qh6+ 34. Bxh6 Bxh6 35. Qh5 Bg7 36. Qg6 Bf7 37. Qg4 Re8 38. Ng3 Re6 39. Nf5 Rg6 40. Ne7+ Kh7 41. Nxg6 Bxg6 42. f4 1-0

[Event "EWIBCC 2019"]
[Site "Monte-Carlo"]
[Date "2019.11.29"]
[Round "7.10"]
[White "Kazarian, Anna-Maja"]
[Black "Bulmaga, Irina"]
[Result "0-1"]
[ECO "E18"]
[WhiteElo "2109"]
[BlackElo "2435"]
[Annotator "NA"]
[PlyCount "92"]
[EventDate "2019.11.29"]
[EventType "swiss"]
[EventCountry "MNC"]
[SourceTitle "playchess.com"]
[Source "ChessBase"]
[SourceQuality "1"]
[TimeControl "180+2"]

1. Nf3 Nf6 2. c4 e6 3. d4 b6 4. g3 Bb7 $11 5. Bg2 Be7 6. O-O O-O 7. Re1 Na6 8. Nc3 Ne4 9. Nxe4 Bxe4 10. Ne5 Bxg2 11. Kxg2 c5 12. d5 Bf6 13. Nf3 exd5 14. Qxd5 Nb4 15. Qd1 Re8 16. a3 Nc6 17. Rb1 a6 18. b4 cxb4 19. axb4 b5 20. cxb5 axb5 21. Qd5 Bc3 22. Bd2 Bxd2 23. Qxd2 Qe7 24. e3 Qe4 25. Red1 g5 26. Qd5 g4 27. Qxe4 Rxe4 28. Ne1 Rxb4 29. Rxb4 Nxb4 30. Rxd7 Na2 31. Nd3 b4 32. Rd4 b3 33. Rxg4+ Kf8 34. Rh4 Rd8 35. Nb2 Rd2 36. Nc4 Rc2 37. Na3 Rc3 38. Rxh7 b2 39. Nb1 Rc1 40. Na3 Kg8 41. Rh5 Nc3 42. Rg5+ Kf8 43. Rc5 Kg7 44. Rc4 Ra1 45. Rb4 Nd1 46. Nc2 b1=Q 0-1

[Event "EWIBCC 2019"]
[Site "Monte-Carlo"]
[Date "2019.11.29"]
[Round "7.11"]
[White "Babiy, Olga"]
[Black "Salimova, Nurgyul"]
[Result "1-0"]
[ECO "C55"]
[WhiteElo "2249"]
[BlackElo "2370"]
[Annotator "ChessBase"]
[PlyCount "117"]
[EventDate "2019.11.29"]
[EventType "swiss"]
[EventCountry "MNC"]
[SourceTitle "playchess.com"]
[Source "ChessBase"]
[SourceQuality "1"]
[TimeControl "180+2"]

1. e4 e5 2. Nf3 Nc6 3. Bc4 Nf6 4. d3 Be7 5. a4 O-O 6. Nc3 d6 7. h3 Be6 8. O-O Qd7 9. Nd5 Bxd5 10. Bxd5 Nxd5 11. exd5 Nb4 12. c4 Qf5 13. Ne1 c6 14. Qb3 a5 15. Bd2 cxd5 16. Bxb4 axb4 17. cxd5 e4 18. dxe4 Qxe4 19. Nc2 Bf6 20. Nxb4 Rac8 21. Rac1 Qd4 22. Nd3 Rfe8 23. Rfd1 Rxc1 24. Rxc1 h6 25. Rd1 Re7 26. g3 g6 27. Qb5 Kg7 28. b3 h5 29. Qc4 h4 30. Qxd4 Bxd4 31. gxh4 Re4 32. Kg2 Rxh4 33. f4 Rh8 34. Rc1 Re8 35. Rc7 Re2+ 36. Kf1 Re3 37. Nc1 Rxh3 38. Ke2 Rc3 39. Rxc3 Bxc3 40. Kd3 Bb2 41. Ne2 Kf6 42. b4 Kf5 43. a5 Bf6 44. b5 Bd8 45. a6 bxa6 46. bxa6 Bb6 47. Kc4 Ke4 48. Kb5 Bc5 49. Kc6 Kf3 50. Nc1 Be3 51. Nd3 f6 52. Kxd6 g5 53. fxg5 fxg5 54. Ke6 g4 55. Ne5+ Kf4 56. Nxg4 Kxg4 57. d6 Bb6 58. d7 Kf4 59. a7 1-0

[Event "EWIBCC 2019"]
[Site "Monte-Carlo"]
[Date "2019.11.29"]
[Round "7.12"]
[White "Savina, Anastasia"]
[Black "Reizniece-Ozola, Dana"]
[Result "1/2-1/2"]
[ECO "E90"]
[WhiteElo "2354"]
[BlackElo "2305"]
[Annotator "RC"]
[PlyCount "174"]
[EventDate "2019.11.29"]
[EventType "swiss"]
[EventCountry "MNC"]
[SourceTitle "playchess.com"]
[Source "ChessBase"]
[SourceQuality "1"]
[TimeControl "180+2"]

1. d4 Nf6 2. c4 g6 3. Nc3 Bg7 4. e4 d6 5. Nf3 O-O 6. h3 e5 7. d5 a5 8. Be3 Na6 9. g4 Nd7 10. a3 c5 11. dxc6 bxc6 12. Qxd6 Rb8 13. O-O-O Re8 14. Qxc6 Re6 15. Qd5 h6 16. c5 Nc7 17. Qd2 Qe8 18. Bc4 Rc6 19. Na4 Bf8 20. Kb1 Nxc5 21. Nxc5 Bxc5 22. Bxc5 Rxc5 23. Rc1 Kg7 24. Rhd1 Bb7 25. Bd5 Rb5 26. Rc2 Na6 27. Qc3 Nc5 28. Qxe5+ Qxe5 29. Nxe5 Nxe4 30. Bxb7 R8xb7 31. Nc4 a4 32. f3 Nc5 33. Nd6 Rd7 34. Nxb5 Rxd1+ 35. Rc1 Rd5 36. Nc3 Rd3 37. Ne4 Nb3 38. Rc3 Rd1+ 39. Kc2 Rc1+ 40. Kd3 Rb1 41. Rc2 Rf1 42. Ke3 Rh1 43. Nf2 Re1+ 44. Kf4 g5+ 45. Kg3 Nd4 46. Rd2 Ne2+ 47. Kh2 Nf4 48. Nd3 Nxd3 49. Rxd3 Re2+ 50. Kg3 Rxb2 51. Rd4 Ra2 52. Rxa4 Ra1 53. Ra8 Ra2 54. a4 Ra3 55. Kf2 Kh7 56. a5 Kg7 57. a6 Kh7 58. a7 Kg7 59. Kg3 Kh7 60. h4 Kg7 61. hxg5 hxg5 62. Kf2 Kf6 63. Ke2 Kg7 64. Kd2 Kh7 65. Kc2 Kg7 66. Kb2 Ra6 67. Kc3 Ra4 68. Kb3 Ra1 69. Kc4 Ra3 70. Kc5 Ra1 71. Kb6 Rb1+ 72. Kc6 Ra1 73. Kd6 Ra3 74. Kc5 Ra2 75. Kd4 Ra3 76. Ke4 Ra5 77. Ke3 Ra4 78. Kd3 Ra3+ 79. Kc4 Ra1 80. Kd5 Ra4 81. Kd6 Ra3 82. Ke5 Ra5+ 83. Kd6 Ra3 84. Kc7 Rc3+ 85. Kb6 Rb3+ 86. Kc6 Ra3 87. Kb6 Ra2 1/2-1/2

[Event "EWIBCC 2019"]
[Site "Monte-Carlo"]
[Date "2019.11.29"]
[Round "7.15"]
[White "Rogule, Laura"]
[Black "Berend, Elvira"]
[Result "0-1"]
[ECO "A22"]
[WhiteElo "2293"]
[BlackElo "2349"]
[Annotator "ChessBase"]
[PlyCount "122"]
[EventDate "2019.11.29"]
[EventType "swiss"]
[EventCountry "MNC"]
[SourceTitle "playchess.com"]
[Source "ChessBase"]
[SourceQuality "1"]
[TimeControl "180+2"]

1. c4 e5 2. Nc3 Nf6 3. g3 Bb4 4. Bg2 O-O 5. e4 c6 6. Nge2 Na6 7. O-O Nc7 8. d4 exd4 9. Qxd4 Ne6 10. Qd1 d6 11. h3 Re8 12. Kh2 Nc5 13. Qc2 Qe7 14. a3 Bxc3 15. Nxc3 a5 16. Re1 a4 17. Bf4 Be6 18. Rad1 Red8 19. Qe2 Nb3 20. g4 Na5 21. Nxa4 Bxc4 22. Qf3 Bb3 23. Nc3 Bxd1 24. Rxd1 Nc4 25. Qe2 d5 26. g5 Ne8 27. exd5 Qxe2 28. Nxe2 cxd5 29. Bxd5 Nxb2 30. Rd2 Na4 31. Bxb7 Rxd2 32. Bxd2 Rd8 33. Bb4 Nb6 34. Ba5 Rb8 35. Be4 Nc4 36. Bb4 Ncd6 37. Bd3 Rd8 38. Nf4 Nc7 39. a4 Nb7 40. a5 Rd4 41. Bd2 Nd5 42. Nxd5 Rxd5 43. Be4 Rxd2 44. Bxb7 Rxf2+ 45. Kg3 Ra2 46. a6 Kf8 47. h4 Ke7 48. Kf4 Kd6 49. Kf5 Ra5+ 50. Kf4 Ra4+ 51. Kg3 Ke5 52. Kh3 f5 53. gxf6 gxf6 54. Kg3 f5 55. h5 h6 56. Kh3 Kf4 57. Kg2 Ra3 58. Kf2 Ra2+ 59. Kg1 Kg3 60. Kf1 f4 61. Ke1 f3 0-1

[Event "EWIBCC 2019"]
[Site "Monte-Carlo"]
[Date "2019.11.29"]
[Round "7.16"]
[White "Janzelj, Lara"]
[Black "Osmak, Iulija"]
[Result "1-0"]
[ECO "A90"]
[WhiteElo "2158"]
[BlackElo "2401"]
[Annotator "ChessBase"]
[PlyCount "26"]
[EventDate "2019.11.29"]
[EventType "swiss"]
[EventCountry "MNC"]
[SourceTitle "playchess.com"]
[Source "ChessBase"]
[SourceQuality "1"]
[TimeControl "180+2"]

1. d4 e6 2. Nf3 f5 3. c4 d5 4. g3 c6 5. Bg2 Bd6 6. b3 Qe7 7. O-O Nf6 8. Bf4 Bxf4 9. gxf4 Nbd7 10. Nbd2 Ne4 11. e3 O-O 12. Kh1 Ndf6 13. Ne5 Bd7 1-0

[Event "EWIBCC 2019"]
[Site "Monte-Carlo"]
[Date "2019.11.29"]
[Round "7.17"]
[White "Benmesbah, Natacha"]
[Black "Zhukova, Natalia"]
[Result "0-1"]
[ECO "C54"]
[WhiteElo "2265"]
[BlackElo "2323"]
[Annotator "NA"]
[PlyCount "90"]
[EventDate "2019.11.29"]
[EventType "swiss"]
[EventCountry "MNC"]
[SourceTitle "playchess.com"]
[Source "ChessBase"]
[SourceQuality "1"]
[TimeControl "180+2"]

1. e4 e5 2. Nf3 Nc6 3. Bc4 Nf6 4. d3 Bc5 5. c3 O-O 6. Bg5 h6 7. Bh4 Be7 8. Nbd2 d6 9. Bb3 Nh5 10. g3 Bh3 11. Bxe7 Qxe7 12. Nh4 Nf4 13. gxf4 Qxh4 14. Qf3 exf4 15. Rg1 Ne5 16. Qe2 Bg4 17. Qf1 Nf3+ 18. Nxf3 Bxf3 19. Kd2 c6 20. Re1 a5 21. a3 b5 22. d4 b4 23. Qd3 bxc3+ 24. Kxc3 Bh5 25. f3 Rab8 26. Kc2 c5 27. dxc5 dxc5 28. Kb1 Rfd8 29. Qc4 Qf2 30. Qc3 Qd4 31. Qxd4 Rxd4 32. Rc1 Bxf3 33. Rxc5 Rxb3 34. Rc8+ Kh7 35. Ka2 a4 36. Rc7 Bh5 37. e5 Rd2 38. e6 Rbxb2+ 39. Ka1 Ra2+ 40. Kb1 Bg6+ 41. Kc1 Rdc2+ 42. Rxc2 Rxc2+ 43. Kd1 Rc8 44. e7 Re8 45. Re1 f5 0-1

[Event "EWIBCC 2019"]
[Site "Monte-Carlo"]
[Date "2019.11.29"]
[Round "7.18"]
[White "Gaprindashvili, Nona"]
[Black "Worek, Joanna"]
[Result "0-1"]
[ECO "A57"]
[WhiteElo "2275"]
[BlackElo "2316"]
[Annotator "NA"]
[PlyCount "144"]
[EventDate "2019.11.29"]
[EventType "swiss"]
[EventCountry "MNC"]
[SourceTitle "playchess.com"]
[Source "ChessBase"]
[SourceQuality "1"]
[TimeControl "180+2"]

1. d4 Nf6 2. c4 c5 3. d5 b5 4. cxb5 a6 5. b6 d6 6. Nc3 Nbd7 7. e4 Qxb6 8. Nf3 g6 9. Be2 Bg7 10. O-O O-O 11. Qc2 a5 12. Nd2 Ba6 13. Nc4 Bxc4 14. Bxc4 a4 15. Bg5 a3 16. Rab1 axb2 17. Rxb2 Qa5 18. Rb5 Qc7 19. a4 Ne5 20. Be2 c4 21. Rfb1 h6 22. Be3 Rfc8 23. Bb6 Qd7 24. a5 Nd3 25. Bxd3 cxd3 26. Qxd3 Ng4 27. Bd4 Ne5 28. Bxe5 Bxe5 29. Na4 Qc7 30. g3 Rxa5 31. Nb6 Rb8 32. Rxa5 Rxb6 33. Rab5 Rxb5 34. Qxb5 Qc2 35. Re1 Bd4 36. Re2 Qd1+ 37. Kg2 Kg7 38. Qc4 Bc5 39. Qc3+ Bd4 40. Qc2 Qa1 41. h4 h5 42. Qd2 Bc5 43. Qf4 Bd4 44. Qf3 Qd1 45. Re3 Qb1 46. Rd3 Be5 47. Qe2 Qb5 48. f4 Bd4 49. Qd2 Bc5 50. Qc3+ f6 51. e5 Qb1 52. exf6+ exf6 53. Qd2 Qg1+ 54. Kh3 Qh1+ 55. Qh2 Qf1+ 56. Qg2 Qxd3 57. Qh1 Bf2 58. Qg2 Bxg3 59. Qxg3 Qxd5 60. Qe3 Qf5+ 61. Kg3 Qg4+ 62. Kh2 Qxh4+ 63. Kg2 Qg4+ 64. Kf2 Kh6 65. f5+ g5 66. Qe6 Qf4+ 67. Kg2 Qe5 68. Qd7 g4 69. Qc8 Kg5 70. Qc1+ Kxf5 71. Qc8+ Kg5 72. Qg8+ Kh4 0-1

[Event "EWIBCC 2019"]
[Site "Monte-Carlo"]
[Date "2019.11.29"]
[Round "7.19"]
[White "Dornbusch, Tatiana"]
[Black "Novkovic, Julia"]
[Result "1-0"]
[ECO "A41"]
[WhiteElo "2269"]
[BlackElo "2161"]
[Annotator "NA"]
[PlyCount "35"]
[EventDate "2019.11.29"]
[EventType "swiss"]
[EventCountry "MNC"]
[SourceTitle "playchess.com"]
[Source "ChessBase"]
[SourceQuality "1"]
[TimeControl "180+2"]

1. d4 g6 2. Nf3 Bg7 3. g3 d6 4. Bg2 Nc6 5. O-O e5 6. d5 Nce7 7. e4 h5 8. Nc3 Bh6 9. Ng5 h4 10. Qf3 f6 11. Ne6 Bxe6 12. dxe6 Nc6 13. Qg4 Nce7 14. Qxh4 Bg7 15. Qg4 c6 16. Be3 f5 17. exf5 Nxf5 18. Qxg6+ 1-0

[Event "EWIBCC 2019"]
[Site "Monte-Carlo"]
[Date "2019.11.29"]
[Round "7.20"]
[White "Andric, Jelena"]
[Black "Unuk, Laura"]
[Result "0-1"]
[ECO "A34"]
[WhiteElo "2076"]
[BlackElo "2298"]
[Annotator "ChessBase"]
[PlyCount "66"]
[EventDate "2019.11.29"]
[EventType "swiss"]
[EventCountry "MNC"]
[SourceTitle "playchess.com"]
[Source "ChessBase"]
[SourceQuality "1"]
[TimeControl "180+2"]

1. c4 Nf6 2. g3 e6 3. Bg2 d5 4. Nf3 c5 5. cxd5 Nxd5 6. Nc3 Nc6 7. O-O Nc7 8. d3 Be7 9. Bf4 f6 10. Rc1 e5 11. Bd2 Be6 12. b3 O-O 13. Ne4 b6 14. Ne1 Qd7 15. Nc2 Nd5 16. Ne3 Nxe3 17. Bxe3 a5 18. Qc2 a4 19. Qb2 axb3 20. axb3 Nb4 21. Ra1 Rxa1 22. Rxa1 f5 23. Nc3 f4 24. Bd2 Qd4 25. Ra7 Bf6 26. Bf1 Bg5 27. Rb7 fxg3 28. e3 gxf2+ 29. Kh1 Bd5+ 30. e4 Bxb7 31. Bxg5 Nxd3 32. Qd2 Bxe4+ 33. Bg2 f1=Q# 0-1

[Event "EWIBCC 2019"]
[Site "Monte-Carlo"]
[Date "2019.11.29"]
[Round "8.2"]
[White "Muzychuk, Anna"]
[Black "Stefanova, Antoaneta"]
[Result "1-0"]
[ECO "C70"]
[WhiteElo "2543"]
[BlackElo "2481"]
[Annotator "ChessBase"]
[PlyCount "97"]
[EventDate "2019.11.29"]
[EventType "swiss"]
[EventCountry "MNC"]
[SourceTitle "playchess.com"]
[Source "ChessBase"]
[SourceQuality "1"]
[TimeControl "180+2"]

1. e4 e5 2. Nf3 Nc6 3. Bb5 a6 4. Ba4 g6 5. d4 exd4 6. Nxd4 Bg7 7. Nxc6 dxc6 8. Qxd8+ Kxd8 9. Nc3 Be6 10. Bb3 Bxb3 11. axb3 Ne7 12. Bf4 c5 13. Bg5 f6 14. O-O-O+ Kc8 15. Be3 b6 16. Nd5 Re8 17. f3 Kb7 18. Bf4 Rac8 19. h4 h5 20. Rd2 Nc6 21. c3 Ne5 22. Rhd1 a5 23. Kc2 Ra8 24. Nxc7 Kxc7 25. Rd7+ Kc6 26. R1d6+ Kb5 27. Rxg7 a4 28. c4+ Ka6 29. Bxe5 fxe5 30. bxa4 Ka5 31. b3 b5 32. axb5 Kb4 33. Ra6 Rxa6 34. bxa6 Rd8 35. a7 Ra8 36. Rxg6 Rxa7 37. Rb6+ Ka3 38. Rb5 Ka2 39. Rxc5 Ka1 40. Rxe5 Ra2+ 41. Kc3 Rxg2 42. Rxh5 Ka2 43. Ra5+ Kb1 44. Rg5 Rc2+ 45. Kd4 Kb2 46. e5 Kxb3 47. e6 Rxc4+ 48. Kd5 Rxh4 49. e7 1-0

[Event "EWIBCC 2019"]
[Site "Monte-Carlo"]
[Date "2019.11.29"]
[Round "8.4"]
[White "Michna, Marta"]
[Black "Gunina, Valentina"]
[Result "0-1"]
[ECO "D00"]
[WhiteElo "2366"]
[BlackElo "2509"]
[Annotator "ChessBase"]
[PlyCount "38"]
[EventDate "2019.11.29"]
[EventType "swiss"]
[EventCountry "MNC"]
[SourceTitle "playchess.com"]
[Source "ChessBase"]
[SourceQuality "1"]
[TimeControl "180+2"]

1. d4 Nf6 2. c3 d5 3. Bf4 c5 4. e3 Nc6 5. Nd2 Qb6 6. Qb3 c4 7. Qc2 g6 8. e4 Nxe4 9. Nxe4 dxe4 10. Bxc4 Bg7 11. Be3 Qc7 12. Ne2 O-O 13. Qxe4 Bf5 14. Qh4 Nb4 15. Bxf7+ Rxf7 16. cxb4 Qc2 17. f3 Qxb2 18. Kf2 Bd3 19. Rad1 Qxe2+ 0-1

[Event "EWIBCC 2019"]
[Site "Monte-Carlo"]
[Date "2019.11.29"]
[Round "8.5"]
[White "Bulmaga, Irina"]
[Black "Paehtz, Elisabeth"]
[Result "1-0"]
[ECO "B90"]
[WhiteElo "2435"]
[BlackElo "2484"]
[Annotator "RC"]
[PlyCount "89"]
[EventDate "2019.11.29"]
[EventType "swiss"]
[EventCountry "MNC"]
[SourceTitle "playchess.com"]
[Source "ChessBase"]
[SourceQuality "1"]
[TimeControl "180+2"]

1. e4 c5 2. Nf3 d6 3. d4 cxd4 4. Nxd4 Nf6 5. Nc3 a6 6. h3 g6 7. Be3 Bg7 8. Qd2 b5 9. a3 Bb7 10. f3 Nbd7 11. g4 Rc8 12. h4 Ne5 13. h5 Nfd7 14. hxg6 hxg6 15. Rxh8+ Bxh8 16. Qh2 Bg7 17. Qh7 Bf8 18. O-O-O Rxc3 19. bxc3 Qa5 20. Kd2 Nb6 21. Nb3 Nbc4+ 22. Bxc4 Nxc4+ 23. Kd3 Ne5+ 24. Kd2 Nxf3+ 25. Ke2 Qa4 26. Kxf3 Qxe4+ 27. Ke2 Qg2+ 28. Ke1 Bf3 29. Rd2 Qxg4 30. Nd4 Bd5 31. Qh2 Qe4 32. Ne2 Qxe3 33. Rxd5 Bg7 34. Rd3 Qc5 35. Qg2 Qc8 36. Nd4 Kf8 37. Qf3 Kg8 38. Re3 e5 39. Ne2 Qc5 40. Rd3 Bh6 41. Qd5 Qxa3 42. Rf3 Qa1+ 43. Kf2 Bf4 44. Nxf4 Qc1 45. Ne2 1-0

[Event "EWIBCC 2019"]
[Site "Monte-Carlo"]
[Date "2019.11.29"]
[Round "8.6"]
[White "Buksa, Nataliya"]
[Black "Babiy, Olga"]
[Result "1-0"]
[ECO "B15"]
[WhiteElo "2410"]
[BlackElo "2249"]
[Annotator "NA"]
[PlyCount "55"]
[EventDate "2019.11.29"]
[EventType "swiss"]
[EventCountry "MNC"]
[SourceTitle "playchess.com"]
[Source "ChessBase"]
[SourceQuality "1"]
[TimeControl "180+2"]

1. e4 c6 2. d4 d5 3. Nc3 dxe4 4. Nxe4 Nf6 5. Ng5 h6 6. N5h3 Bf5 7. Nf4 e6 8. Nf3 Bd6 9. Bd3 Bxd3 10. Nxd3 Nbd7 11. O-O c5 12. Be3 cxd4 13. Nxd4 a6 14. Re1 Qc7 15. h3 O-O 16. Qf3 Ne5 17. Nxe5 Bxe5 18. c3 Nd5 19. Bd2 Bxd4 20. cxd4 Qe7 21. Qxd5 Rfd8 22. Qe4 Qf6 23. Bc3 Rac8 24. d5 Qg5 25. dxe6 fxe6 26. Qxe6+ Kh8 27. Rad1 Rf8 28. Qg4 1-0

[Event "EWIBCC 2019"]
[Site "Monte-Carlo"]
[Date "2019.11.29"]
[Round "8.7"]
[White "Guichard, Pauline"]
[Black "Socko, Monika"]
[Result "1/2-1/2"]
[ECO "A28"]
[WhiteElo "2407"]
[BlackElo "2417"]
[Annotator "ChessBase"]
[PlyCount "99"]
[EventDate "2019.11.29"]
[EventType "swiss"]
[EventCountry "MNC"]
[SourceTitle "playchess.com"]
[Source "ChessBase"]
[SourceQuality "1"]
[TimeControl "180+2"]

1. c4 e5 2. Nc3 Nc6 3. Nf3 Nf6 4. e3 Bb4 5. Qc2 Bxc3 6. Qxc3 Qe7 7. d4 exd4 8. Nxd4 Nxd4 9. Qxd4 O-O 10. Be2 d5 11. O-O c5 12. Qh4 d4 13. Bf3 d3 14. Rd1 Bf5 15. e4 Bxe4 16. Bxe4 Qxe4 17. Qxe4 Nxe4 18. Rxd3 Rad8 19. Rxd8 Rxd8 20. Be3 b6 21. Rc1 f5 22. Kf1 Kf7 23. f3 Nf6 24. a3 Ke6 25. Ke2 Nd7 26. Rd1 Re8 27. Bf4 Ne5 28. Bxe5 Kxe5 29. Rd7 Kf6+ 30. Kd2 Re7 31. Rxe7 Kxe7 32. Ke3 Kf6 33. h4 h6 34. f4 g5 35. fxg5+ hxg5 36. g3 f4+ 37. Kf3 fxg3 38. h5 g4+ 39. Kxg3 Kg5 40. h6 Kxh6 41. Kxg4 Kg6 42. Kf4 Kf6 43. Ke4 Ke6 44. b4 cxb4 45. axb4 a5 46. bxa5 bxa5 47. Kd4 Kd6 48. Kc3 Kc5 49. Kb2 Kxc4 50. Ka1 1/2-1/2

[Event "EWIBCC 2019"]
[Site "Monte-Carlo"]
[Date "2019.11.29"]
[Round "8.9"]
[White "Dzagnidze, Nana"]
[Black "Berend, Elvira"]
[Result "0-1"]
[ECO "C54"]
[WhiteElo "2502"]
[BlackElo "2349"]
[Annotator "ChessBase"]
[PlyCount "39"]
[EventDate "2019.11.29"]
[EventType "swiss"]
[EventCountry "MNC"]
[SourceTitle "playchess.com"]
[Source "ChessBase"]
[SourceQuality "1"]
[TimeControl "180+2"]

1. e4 e5 2. Nf3 Nc6 3. Bc4 Bc5 4. c3 Nf6 5. d4 exd4 6. e5 d5 7. Bb5 Ne4 8. cxd4 Bb4+ 9. Nbd2 O-O 10. O-O Bg4 11. Bxc6 Bxd2 12. Bxb7 Rb8 13. Ba6 Bxc1 14. Qxc1 Bxf3 15. gxf3 Ng5 16. Be2 Nh3+ 17. Kh1 Qh4 18. b3 Rb6 19. f4 Nxf4 20. Qe3 0-1